 Dungeon Crawl Stone Soup version 0.19-a0-1166-g02d67b9 (webtiles) character file.

1422 Gagarin the Ducker (level 8, -7/63 HPs)
             Began as a White Draconian Conjurer on Aug 14, 2016.
             Was an Initiate of Vehumet.
             Mangled by an orc warrior
             ... wielding a +0 great sword
              (21 damage)
             ... on level 5 of the Dungeon.
             The game lasted 00:19:37 (6564 turns).

Gagarin the Ducker (White Draconian Conjurer)       Turns: 6564, Time: 00:19:38

Health: -7/63      AC:  6    Str: 10    XL:     8   Next: 44%
Magic:  4/14       EV: 15    Int: 18    God:    Vehumet [......]
Gold:   412        SH:  0    Dex: 12    Spells: 4 memorised, 5 levels left

rFire  . . .     SeeInvis .     D - +0 falchion
rCold  + . .     Gourm    .     (armour unavailable)
rNeg   . . .     Faith    .     (no shield)
rPois  .         Spirit   .     (helmet restricted)
rElec  .         Dismiss  .     (no cloak)
rCorr  .         Reflect  .     (no gloves)
MR     .....     Harm     .     (no boots)
Stlth  ++........               (no amulet)
                                (no ring)
                                d - ring of flight

@: very slightly contaminated
A: breathe frost, unfitting armour, cold resistance 1, cold-blooded, AC +6
a: Breathe Frost, Renounce Religion, Evoke Flight


You were on level 5 of the Dungeon.
You worshipped Vehumet.
Vehumet was noncommittal.
You were hungry.

You visited 1 branch of the dungeon, and saw 5 of its levels.

You collected 412 gold pieces.

Inventory:

Hand Weapons
 n - a +1 whip of electrocution
 p - a +1 dagger of venom
 A - a +0 whip of freezing
 D - a +0 falchion (weapon)
Jewellery
 d - a ring of flight (left hand)
 u - an uncursed amulet of harm {unknown}
Wands
 H - a wand of polymorph (11/24)
Scrolls
 e - a scroll of amnesia {unknown}
 g - 2 scrolls of magic mapping {unknown}
 l - a scroll of noise {unknown}
 m - a scroll of fear {unknown}
 r - 2 scrolls of enchant armour {unknown}
 s - 3 scrolls of identify {unknown}
 y - a scroll of remove curse {unknown}
 E - a scroll of fog {unknown}
 F - a scroll of random uselessness {unknown}
Potions
 c - a potion of brilliance {unknown}
 f - a potion of flight {unknown}
 h - a potion of might {unknown}
 i - a potion of agility {unknown}
 j - a potion of experience {unknown}
 o - 6 potions of curing {unknown}
 q - a potion of heal wounds {unknown}
 w - 2 potions of ambrosia {unknown}
 z - 2 potions of mutation {unknown}
 B - a potion of lignification {unknown}
 C - a potion of haste {unknown}
Books
 a - a book of Conjurations

   Spells                             Type                      Level
   a - Magic Dart                     Conjuration                  1
   b - Searing Ray                    Conjuration                  2
   c - Dazzling Spray                 Conjuration/Hexes            3
   d - Fulminant Prism                Conjuration/Hexes            4
   e - Iskenderun's Mystic Blast      Conjuration                  4
   f - Iskenderun's Battlesphere      Conjuration/Charms           5
 G - a book of the Tempests

   Spells                             Type                      Level
   a - Static Discharge               Conjuration/Air              3
   b - Lightning Bolt                 Conjuration/Air              5
   c - Fireball                       Conjuration/Fire             5
   d - Tornado                        Air                          9
   e - Shatter                        Earth                        9
Comestibles
 b - 2 bread rations
 k - 4 meat rations
 t - a slice of pizza
 v - a royal jelly
 x - a beef jerky


   Skills:
 + Level 3.5 Fighting
 + Level 0.4 Long Blades
 + Level 6.4 Dodging
 + Level 3.2 Stealth
 + Level 4.4 Spellcasting
 + Level 6.1 Conjurations
 + Level 0.5 Hexes


You had 5 spell levels left.
You knew the following spells:

 Your Spells              Type           Power        Failure   Level  Hunger
a - Magic Dart            Conj           ####         1%          1    None
b - Searing Ray           Conj           ####..       1%          2    ##.....
c - Dazzling Spray        Conj/Hex       ###...       14%         3    ###....
d - Iskenderun's Mystic   Conj           ####....     14%         4    ####...


Dungeon Overview and Level Annotations

Branches:
Dungeon (5/15)
 Temple: D:4-7

Altars:
Ashenzari
Cheibriados
Dithmenos
Elyvilon
Fedhas
Gozag
Hepliaklqana
Makhleb
Okawaru
Pakellas
Vehumet
Xom

Annotations:
D:5 Blork the orc


Innate Abilities, Weirdness & Mutations

You can breathe waves of freezing cold.
You can buffet flying creatures when you breathe cold.
Your icy white scales are hard. (AC +6)
Your body does not fit into most forms of armour.
Your flesh is cold resistant. (rC+)
You are cold-blooded and may be slowed by cold attacks.


Message History

The orc warrior is dazzled.
The orc warrior hits you with a great sword!
Casting: Dazzling Spray
Confirm with . or Enter, or press ? or * to list all spells.
Aiming: Searing Ray
Press: ? - help, Shift-Dir - straight line, f/p - orc warrior
Aim: an orc warrior, wielding a great sword and wearing a chain mail (blind)
The searing ray hits the orc warrior.
The orc warrior is moderately wounded.
The searing ray hits the orc warrior.
The orc warrior is heavily wounded.
The orc warrior hits you with a great sword!
The searing ray misses the orc warrior.
The orc warrior hits you with a great sword!
* * * LOW HITPOINT WARNING * * *
The searing ray hits the orc warrior.
The orc warrior is almost dead.
You finish channeling your searing ray.
The orc warrior hits you with a great sword!!
You die...

.......# ..o....#
# .......##.# ##
#....# . #.####
.#
###'###########.#
#........)......#
#.............###
#.......o@...(###
#######'#####.((#
#.# ###.# #.# #<#
#.# ### #.# #.#
..# ###


You could see an orc warrior (blind).

Vanquished Creatures
  Pikel (D:4)
  Grinder (D:4)
  A slave (D:4)
  2 phantoms
  A centaur (D:5)
  2 big kobolds (D:3)
  A giant frog zombie (D:5)
  An orc wizard (D:4)
  A worker ant (D:3)
  5 gnolls (D:3)
  6 adders
  A shadow imp (D:5)
  An ooze (D:2)
  An adder skeleton (D:4)
  2 worms
  3 dart slugs
  A giant gecko (D:1)
  8 orcs
  7 bats
  10 giant cockroaches
  31 goblins
  29 hobgoblins
  14 kobolds
  8 giant newts
  10 rats
148 creatures vanquished.

Vanquished Creatures (others)
  A giant gecko skeleton (D:4)
  A giant newt (D:4)
2 creatures vanquished.

Grand Total: 150 creatures vanquished

Notes
Turn   | Place    | Note
-------+----------+-------------------------------------------
     0 | D:1      | Gagarin the Draconian Conjurer began the quest for the Orb.
     0 | D:1      | Reached XP level 1. HP: 14/14 MP: 3/3
   247 | D:1      | Reached XP level 2. HP: 9/20 MP: 0/5
   420 | D:1      | Learned a level 2 spell: Searing Ray
  1067 | D:1      | Reached XP level 3. HP: 26/26 MP: 2/6
  1074 | D:1      | Learned a level 3 spell: Dazzling Spray
  1826 | D:2      | Reached XP level 4. HP: 33/33 MP: 2/7
  1876 | D:2      | Reached skill level 5 in Conjurations
  2308 | D:2      | Found an opulent altar of Gozag.
  2472 | D:3      | Reached XP level 5. HP: 36/38 MP: 6/9
  2480 | D:3      | Learned a level 4 spell: Iskenderun's Mystic Blast
  2559 | D:3      | Noticed a phantom
  2596 | D:3      | Killed a phantom
  3736 | D:3      | Reached XP level 6. HP: 43/46 MP: 5/10
  4268 | D:3      | Reached skill level 1 in Fighting
  4972 | D:4      | Your scales start taking on an icy white colour.
  4972 | D:4      | Reached XP level 7. HP: 52/52 MP: 9/12
  4972 | D:4      | Gained mutation: Your flesh is cold resistant. (rC+) [White Draconian growth]
  5004 | D:4      | Noticed Pikel
  5029 | D:4      | Killed Pikel
  5029 | D:4      | Reached skill level 5 in Dodging
  5297 | D:4      | Reached XP level 8. HP: 53/63 MP: 4/14
  5376 | D:4      | Found a shattered altar of Ashenzari.
  5377 | D:4      | Found a shimmering altar of Xom.
  5382 | D:4      | Found a blossoming altar of Fedhas.
  5383 | D:4      | Found a burning altar of Makhleb.
  5383 | D:4      | Found an iron altar of Okawaru.
  5383 | D:4      | Found an oddly glowing altar of Pakellas.
  5383 | D:4      | Found a shadowy altar of Dithmenos.
  5384 | D:4      | Found a radiant altar of Vehumet.
  5385 | D:4      | Found a hazy altar of Hepliaklqana.
  5386 | D:4      | Found a white marble altar of Elyvilon.
  5388 | D:4      | Found a snail-covered altar of Cheibriados.
  5402 | D:4      | Became a worshipper of Vehumet
  5520 | D:4      | Noticed Grinder
  5559 | D:4      | Killed Grinder
  6030 | D:5      | Entered Level 5 of the Dungeon
  6100 | D:5      | Noticed Blork the orc
  6564 | D:5      | Mangled by an orc warrior

Vault maps used:
D:1:      shiori_arrival_maze
D:2:      nicolae_gozag_cash_rules_everything_around_me, minivault_24
D:3:      minmay_goblin_kobold_castle
D:4:      minitemple, uniq_grinder, uniq_pikel
D:5:      first_bread, sword_in_stone

Skill      XL: |  1  2  3  4  5  6  7  8 |
---------------+-------------------------+-----
Dodging        | 2 3 4 5 6 |  6.4
Conjurations   | 5 6 |  6.1
Stealth        | 2 3 |  3.2
Spellcasting   | 3 4 |  4.4
Fighting       | 1 3 |  3.5
Long Blades    | |  0.4
Hexes          | |  0.5

Action                   |  1- 3 |  4- 6 |  7- 9 || total
-------------------------+-------+-------+-------++-------
Melee: Unarmed           |    14 |       |       ||    14
       Tailslap          |     5 |    10 |     4 ||    19
       Dagger            |    34 |    52 |       ||    86
       Whip              |       |    94 |    18 ||   112
       Falchion          |       |       |    20 ||    20
 Cast: Magic Dart        |    60 |    47 |    24 ||   131
       Searing Ray       |     1 |    12 |     9 ||    22
       Dazzling Spray    |     1 |     1 |     2 ||     4
       Iskenderun's Myst |       |     2 |       ||     2
 Stab: Sleeping          |     1 |     3 |       ||     4
  Eat: Chunk             |     4 |    11 |     5 ||    20
Armor: Skin              |    20 |    47 |    10 ||    77
Dodge: Dodged            |    31 |   120 |    34 ||   185
